 Dungeon Crawl Stone Soup version 0.17.0-26-gececa24 (webtiles) character file.

11417 4thArraOfDagon the Basher (level 11, -2/69 HPs)
             Began as a Gargoyle Gladiator on Nov 19, 2015.
             Was an Elder of Cheibriados.
             Slain by a red ugly thing (22 damage)
             ... on level 12 of the Dungeon.
             The game lasted 00:25:28 (4634 turns).

4thArraOfDagon the Basher (Gargoyle Gladiator)      Turns: 4634, Time: 00:25:29

Health: -2/69      AC: 27    Str: 28    XL:     11   Next: 77%
Magic:  15/15      EV: 15    Int: 19    God:    Cheibriados [****..]
Gold:   752        SH:  0    Dex: 25    Spells: 0 memorised, 10 levels left

rFire  . . .     SeeInvis .     n - +2 flail (holy)
rCold  . . .     Clarity  .     L - +4 plate armour
rNeg   + . .     SustAt   .     (no shield)
rPois  ∞         Gourm    .     j - +0 helmet
rElec  +         Spirit   .     r - +0 cloak
rCorr  .         Warding  .     g - +0 pair of gloves
rMut   .         Stasis   .     (no boots)
MR     .....                    (no amulet)
Stlth  ..........               l - +4 ring of dexterity
                                y - ring of flight (curse)

@: very slow, not resistant to hostile enchantments, extremely unstealthy
A: negative energy resistance 1, electricity resistance, unbreathing,
petrification resistance, rot immunity, AC +7
a: Bend Time, Temporal Distortion, Slouch, Renounce Religion, Evoke Flight


You were on level 12 of the Dungeon.
You worshipped Cheibriados.
Cheibriados was greatly pleased with you.
You were not hungry.

You visited 2 branches of the dungeon, and saw 13 of its levels.

You collected 752 gold pieces.

Inventory:

Hand Weapons
 a - a +0 war axe
 n - a +2 flail of holy wrath (weapon)
 D - a +0 blowgun
 H - a +0 flail of distortion
Armour
 g - a +0 pair of gloves (worn)
 j - a +0 helmet (worn)
 r - a +0 cloak (worn)
 L - a +4 plate armour (worn)
Jewellery
 f - an uncursed ring of stealth
 l - a +4 ring of dexterity (right hand)
 y - a cursed ring of flight (left hand)
Wands
 d - a wand of flame (0)
 m - a wand of frost (25)
 t - a wand of flame (17)
 v - a wand of teleportation (1)
Scrolls
 b - 2 scrolls of magic mapping
 o - a scroll of identify
 w - a scroll of amnesia
 x - a scroll of fog {unknown}
 z - 2 scrolls of fear
 A - a scroll of blinking {unknown}
 B - 2 scrolls of remove curse {unknown}
 E - a scroll of recharging
 F - a scroll of teleportation
Potions
 k - 2 potions of cancellation
 q - 2 potions of brilliance
 s - a potion of resistance
 G - 3 potions of ambrosia
 I - a potion of curing {unknown}
 K - a potion of flight {unknown}
Books
 h - a book of Geomancy

   Spells                             Type                      Level
   a - Sandblast                      Earth                        1
   b - Stoneskin                      Transmutation/Earth          2
   c - Passwall                       Transmutation/Earth          3
   d - Stone Arrow                    Conjuration/Earth            3
   e - Petrify                        Transmutation/Earth          4
   f - Lee's Rapid Deconstruction     Earth                        5
Comestibles
 c - 4 meat rations
 e - 7 bread rations
 i - 4 beef jerkies
 u - 5 fruits


   Skills:
 + Level 8.8 Fighting
 - Level 4.5(7.4) Axes
 * Level 10.0(10.4) Maces & Flails
 - Level 1.7 Throwing
 - Level 5.0 Armour
 * Level 9.0 Dodging
 + Level 6.5 Invocations


You had 10 spell levels left.
You didn't know any spells.

Dungeon Overview and Level Annotations

Branches:
Dungeon (12/15)            Temple (1/1) D:6             Orc (0/4) D:10
   Lair: D:8-11

Altars:
Ashenzari
Cheibriados
Dithmenos
Elyvilon
Nemelex Xobeh
Sif Muna
Xom
Yredelemnul
Zin
The Shining One

Shops:
D:4 [   D:8 =   D:10 ([


Innate Abilities, Weirdness & Mutations

You are resistant to torment.
Your stone body is resilient (AC +7).
You are immune to poison.
You resist negative energy.
You are resistant to electric shocks.
You can survive without breathing.
You are immune to petrification.
You are immune to rotting.


Message History

You closely miss the red ugly thing.
The red ugly thing is moderately wounded.
The red ugly thing tail-slaps you but does no damage.
You closely miss the red ugly thing.
The red ugly thing is moderately wounded.
The red ugly thing tail-slaps you but does no damage.
You closely miss the red ugly thing.
The red ugly thing is moderately wounded.
You hit the red ugly thing but do no damage.
The red ugly thing is moderately wounded.
The red ugly thing tail-slaps you.
You are engulfed in flames!!
You hit the red ugly thing.
The red ugly thing is moderately wounded.
The red ugly thing tail-slaps you but does no damage.
You sock the red ugly thing!
The red ugly thing is heavily wounded.
The red ugly thing tail-slaps you!
* * * LOW HITPOINT WARNING * * *
You are engulfed in flames!!
You die...

#.###########
#.# #.# #.#
## #.# #. #.#
#. #.# #. #.#
#. #@# #. #u#
#. #(# #. ..#
#. #(#
#######. ##.
.......# #
.......#
.......#
........


You could see a red ugly thing.

Vanquished Creatures
  A centaur warrior (D:12)
  The ghost of Raultor the Martial Artist, a journeyman OpTm of Makhleb (D:10)
  The ghost of Medar the Slicer, a novice HaIE of Zin (D:8)
  An unseen horror (D:12)
  A hill giant (D:10)
  A manticore (D:11)
  Joseph (D:9)
  A gargoyle (D:10)
  An efreet (D:12)
  The ghost of 4thArraOfDagon the Slasher, a novice OpAs of Ashenzari (D:4)
  A troll (D:12)
  A two-headed ogre (D:8)
  2 wyverns
  A deep elf fighter (D:6)
  Eustachio (D:6)
  10 yaks
  2 hippogriffs
  2 vampire mosquitoes (D:12)
  Menkaure (D:6)
  2 ice beasts
  2 sky beasts
  A slave (D:5)
  A necrophage (D:7)
  4 ogres
  5 orc warriors
  A phantom (D:10)
  4 centaurs
  A gnoll sergeant (D:11)
  3 giant frogs
  3 scorpions
  A wyvern skeleton (D:10)
  8 wights
  2 giant frog zombies
  6 hounds
  9 orc wizards
  5 orc priests
  2 jellies
  6 worker ants
  3 giant frog skeletons
  Terence (D:3)
  4 iguanas
  2 hound skeletons
  Robin (D:3)
  12 adders
  3 gnolls (D:11)
  2 shadow imps
  An ooze (D:4)
  2 adder skeletons (D:4)
  3 worms
  34 orcs
  5 giant cockroaches
  10 goblins
  10 hobgoblins
  7 jackals
  4 quokkas
  3 bats (D:2)
  5 giant geckos
  A giant newt (D:6)
  2 kobolds
  A quokka skeleton (D:5)
  A quokka zombie (D:6)
  3 rats
217 creatures vanquished.

Vanquished Creatures (others)
  A quokka (D:10)
  A giant newt (D:3)
2 creatures vanquished.

Grand Total: 219 creatures vanquished

Notes
Turn   | Place    | Note
--------------------------------------------------------------
     0 | D:1      | 4thArraOfDagon the Gargoyle Gladiator began the quest for the Orb.
     0 | D:1      | Reached XP level 1. HP: 12/12 MP: 1/1
   150 | D:2      | Reached skill level 3 in Axes
   150 | D:2      | Reached XP level 2. HP: 12/18 MP: 2/2
   163 | D:2      | Reached skill level 1 in Armour
   195 | D:3      | Reached XP level 3. HP: 17/22 MP: 3/3
   198 | D:3      | Noticed Robin
   198 | D:3      | Noticed Terence
   486 | D:2      | Reached XP level 4. HP: 15/27 MP: 4/4
   660 | D:3      | Reached skill level 4 in Axes
   674 | D:3      | Killed Robin
   674 | D:3      | Reached XP level 5. HP: 8/32 MP: 5/5
   758 | D:3      | You fall through a shaft!
   758 | D:4      | Noticed a phantom
   790 | D:4      | Found Konoll's Armour Shop.
   931 | D:5      | Entered Level 5 of the Dungeon
   940 | D:5      | Noticed a slave
   965 | D:5      | Killed a slave
  1056 | D:7      | Found a glowing silver altar of Zin.
  1056 | D:7      | Noticed an angel
  1060 | D:6      | Found a staircase to the Ecumenical Temple.
  1064 | Temple   | Entered the Ecumenical Temple
  1120 | Temple   | Became a worshipper of Cheibriados the Contemplative
  1171 | D:6      | Noticed a centaur
  1208 | D:6      | Reached XP level 6. HP: 21/38 MP: 6/6
  1321 | D:6      | Noticed Menkaure
  1333 | D:6      | Killed Menkaure
  1333 | D:6      | Reached skill level 1 in Maces & Flails
  1333 | D:6      | Reached XP level 7. HP: 29/43 MP: 7/7
  1346 | D:6      | Noticed a deep elf fighter
  1360 | D:6      | Killed a deep elf fighter
  1384 | D:6      | Noticed Eustachio
  1399 | D:6      | Killed Eustachio
  1432 | D:6      | Killed a centaur
  1441 | D:6      | Found a shimmering altar of Xom.
  1505 | D:6      | Found a shadowy altar of Dithmenos.
  1522 | D:6      | Reached XP level 8. HP: 28/48 MP: 8/8
  1594 | D:7      | Reached * piety under Cheibriados
  1595 | D:7      | Found a shimmering altar of Xom.
  1721 | D:5      | Noticed a slave
  1723 | D:5      | Noticed a slave
  1753 | D:4      | Noticed an ogre
  1765 | D:4      | Killed an ogre
  1839 | D:4      | Noticed 4thArraOfDagon's ghost (novice OpAs)
  1846 | D:4      | Killed 4thArraOfDagon's ghost
  1846 | D:4      | Reached skill level 5 in Fighting
  1850 | D:4      | Noticed an ogre
  1858 | D:4      | Killed an ogre
  1858 | D:4      | Reached skill level 5 in Dodging
  2008 | D:3      | Killed Terence
  2113 | D:5      | Noticed an ice beast
  2123 | D:5      | Killed an ice beast
  2156 | D:5      | Noticed a sky beast
  2161 | D:5      | Killed a sky beast
  2161 | D:5      | Reached skill level 5 in Maces & Flails
  2237 | D:6      | Reached XP level 9. HP: 50/54 MP: 9/9
  2266 | D:6      | Noticed an ice beast
  2281 | D:6      | Killed an ice beast
  2281 | D:6      | Reached ** piety under Cheibriados
  2281 | D:6      | Reached skill level 5 in Armour
  2352 | D:7      | Noticed a necrophage
  2361 | D:7      | Killed a necrophage
  2461 | D:7      | Reached skill level 1 in Invocations
  2490 | D:8      | Found Agigyir's Jewellery Boutique.
  2497 | D:8      | Noticed Medar's ghost (novice HaIE)
  2515 | D:8      | Killed Medar's ghost
  2515 | D:8      | Reached skill level 6 in Fighting
  2519 | D:8      | jesus
  2634 | D:10     | Entered Level 10 of the Dungeon
  2714 | D:10     | Found Xeredat's Weapon Shop.
  2773 | D:10     | Reached skill level 7 in Maces & Flails
  2782 | D:10     | Reached *** piety under Cheibriados
  2829 | D:10     | Reached XP level 10. HP: 56/61 MP: 12/12
  2932 | D:10     | Noticed a gargoyle
  2971 | D:10     | Noticed a hill giant
  2976 | D:10     | Noticed Raultor's ghost (journeyman OpTm)
  3029 | D:10     | Killed Raultor's ghost
  3180 | D:10     | Reached skill level 8 in Maces & Flails
  3189 | D:10     | Reached **** piety under Cheibriados
  3345 | D:10     | Found a staircase to the Orcish Mines.
  3356 | D:10     | rly
  3380 | D:10     | Killed a gargoyle
  3487 | D:10     | Found Urphacall's Armour Shop.
  3503 | D:10     | Killed a hill giant
  3503 | D:10     | Reached skill level 5 in Invocations
  3516 | D:10     | :(
  3722 | D:9      | Noticed Joseph
  3745 | D:9      | Killed Joseph
  3745 | D:9      | Reached XP level 11. HP: 61/68 MP: 13/15
  3766 | D:8      | Reached skill level 9 in Maces & Flails
  3986 | D:11     | Reached ***** piety under Cheibriados
  4100 | D:12     | rly
  4135 | D:12     | Killed an unseen horror
  4275 | D:12     | brb
  4299 | D:12     | Noticed a centaur warrior
  4300 | D:12     | Killed a centaur warrior
  4466 | D:11     | Noticed a manticore
  4473 | D:11     | Killed a manticore
  4473 | D:11     | Reached skill level 10 in Maces & Flails
  4634 | D:12     | Slain by a red ugly thing

Action                   |  1- 3 |  4- 6 |  7- 9 | 10-12 || total
-------------------------+-------+-------+-------+-------++-------
Melee: War axe           |    70 |   151 |       |       ||   221
       Flail             |       |    10 |   272 |   401 ||   683
Throw: Throwing net      |       |     7 |    12 |       ||    19
       Javelin           |       |       |     6 |     8 ||    14
Invok: Slouch            |       |       |       |     4 ||     4
Evoke: Wand              |       |       |     7 |     6 ||    13
  Use: Scroll            |     1 |     4 |     4 |     4 ||    13
       Potion            |       |       |     2 |       ||     2
 Stab: Held in net/web   |       |     4 |     6 |       ||    10
  Eat: Chunk             |       |     2 |     4 |     4 ||    10
